BUFFALO vs WINNIPEG

Created - April 9, 2021 at 11:07

Goals
1 2 3 T
BUFFALO 2 1 1 4
WINNIPEG 1 2 0 3
Shots
1 2 3 T
BUFFALO 8 13 8 29
WINNIPEG 9 11 15 35

1st period

1. WINNIPEG , Alex Ovechkin 20 (Marcus Pettersson 21, Chris Tanev 22) at 9:56
2. BUFFALO , Alex Killorn 7 (Noah Hanifin 20) at 11:22
3. BUFFALO , Charlie Coyle 7 (Roman Josi 37, Jordan Staal 7) at 11:36

Penalties :
Jay Beagle (WPG) for Hooking (Minor) at 18:08

2nd period

4. BUFFALO , Phil Kessel 7 (Shea Theodore 15, Eric Staal 20) at 1:31
5. WINNIPEG , Tyler Toffoli 9 (Patrick Kane 29) at 3:35
6. WINNIPEG , Justin Braun 5 (Sidney Crosby 20, Tyler Toffoli 21) at 4:33 (PP)

Penalties :
Marco Scandella (BUF) for Boarding (Minor) at 4:23, Roman Josi (BUF) for Tripping (Minor) at 10:01

3rd period

7. BUFFALO , James van Riemsdyk 10 (Shea Theodore 16, Eric Staal 21) at 17:07 (PP)

Penalties :
Matt Grzelcyk (BUF) for Tripping (Minor) at 9:35, Tyler Motte (WPG) for Unsportsmanlike conduct (Minor) at 11:58, Marcus Pettersson (WPG) for Tripping (Minor) at 15:43

Goalie Stats

Tuukka Rask (BUF), 32 saves from 35 shots - (0.914), W, 28-9-2, 60:00 minutes
Connor Hellebuyck (WPG), 25 saves from 29 shots - (0.862), L, 19-12-5, 59:33 minutes

Players Stats for BUFFALO

Player Name              G  A  P  +/- PIM S  H  SB GA TA FO     MP     PP MP  PK MP  
------------------------------------------------------------------------------------
Alex Killorn             1  0  1   1  0   1  0  0  0  0  1/2    16:07   0:00   0:00 
Brad Marchand            0  0  0   1  0   0  4  0  0  0  0/1    22:08   3:09   2:49 
Carl Hagelin             0  0  0   0  0   2  0  0  0  0  0/3    12:57   0:00   1:01 
Charlie Coyle            1  0  1   0  0   1  0  0  0  0  0/0    14:12   2:13   0:00 
Drew Doughty             0  0  0   0  0   0  2  0  0  0  0/0    26:24   2:59   1:50 
Eric Staal               0  2  2   0  0   5  4  0  0  0  18/27  18:17   2:13   1:03 
Frank Vatrano            0  0  0   0  0   0  0  0  0  0  0/0     7:23   0:00   0:00 
James van Riemsdyk       1  0  1   0  0   1  1  0  0  0  0/1    17:14   2:13   0:00 
Jordan Staal             0  1  1   0  0   5  4  0  0  0  10/19  14:03   0:00   2:04 
Marco Scandella          0  0  0   0  2   0  1  0  0  0  0/0    13:05   0:00   0:16 
Matt Duchene             0  0  0   1  0   1  1  0  0  0  14/26  19:16   3:09   0:00 
Matt Grzelcyk            0  0  0   0  2   0  0  1  0  0  0/0    13:47   0:00   0:58 
Noah Hanifin             0  1  1   1  0   1  2  1  0  0  0/0    20:46   2:23   2:18 
Noel Acciari             0  0  0   0  0   1  1  0  0  0  8/12    8:24   0:00   1:01 
Ondrej Kase              0  0  0   0  0   3  0  0  0  0  0/0     7:23   0:00   0:00 
Phil Kessel              1  0  1   0  0   5  0  0  0  0  2/2    18:28   3:09   0:18 
Roman Josi               0  1  1   0  2   2  2  2  0  0  0/0    25:25   2:59   0:52 
Shea Theodore            0  2  2   1  0   1  1  1  0  0  0/0    20:30   2:23   2:02 

Players Stats for WINNIPEG

Player Name              G  A  P  +/- PIM S  H  SB GA TA FO     MP     PP MP  PK MP  
------------------------------------------------------------------------------------
Alex Ovechkin            1  0  1  -1  0   6  5  0  0  0  1/1    23:37   2:07   0:00 
Alexander Edler          0  0  0  -3  0   5  3  2  0  0  0/0    24:52   1:52   2:31 
Antoine Roussel          0  0  0   0  0   3  0  0  0  0  1/4    12:34   0:00   1:07 
Chris Tanev              0  1  1   1  0   1  0  3  0  0  0/0    23:43   2:16   2:51 
Dan Hamhuis              0  0  0   0  0   0  0  0  0  0  0/0     1:17   0:00   0:58 
Drew O'Connor            0  0  0   0  0   0  1  0  0  0  0/0     2:31   0:00   2:08 
J.T. Miller              0  0  0  -2  0   2  2  0  0  0  0/2    19:04   2:01   0:28 
Jay Beagle               0  0  0   0  2   0  2  0  0  0  13/32  21:43   2:07   2:27 
Justin Braun             1  0  1   1  0   1  2  0  0  0  0/0    17:36   1:52   2:18 
Loui Eriksson            0  0  0   1  0   0  0  0  0  0  0/0     5:20   0:00   0:02 
Marcus Pettersson        0  1  1   1  2   0  1  1  0  0  0/0    20:33   2:16   2:06 
Nic Dowd                 0  0  0   0  0   2  0  0  0  0  6/12   11:59   0:00   0:32 
Olli Maatta              0  0  0  -3  0   2  1  1  0  0  0/0    17:46   0:00   0:00 
Oscar Fantenberg         0  0  0   1  0   0  4  1  0  0  0/0    13:26   0:00   0:00 
Patrick Kane             0  1  1   0  0   5  0  0  0  0  0/0    19:40   2:07   0:00 
Sidney Crosby            0  1  1  -2  0   2  0  0  0  0  16/27  20:21   2:01   1:45 
Tyler Motte              0  0  0   0  2   1  0  0  0  0  0/1    13:13   0:00   1:47 
Tyler Toffoli            1  1  2   0  0   5  4  0  0  0  2/6    20:02   2:01   0:28 
Zack MacEwen             0  0  0   1  0   0  2  0  0  0  1/8     5:18   0:00   0:00 

3 Stars

1 - Tyler Toffoli (WPG)
2 - Eric Staal (BUF)
3 - Shea Theodore (BUF)

Power Play

BUFFALO - 1 on 3 Attempt(s) - 33.33%
WINNIPEG - 1 on 3 Attempt(s) - 33.33%

Penalty Kill

BUFFALO - 2 on 3 Attempt(s) - 66.67% - Score 0 goal in Penalty Kill
WINNIPEG - 2 on 3 Attempt(s) - 66.67% - Score 0 goal in Penalty Kill

Team Stat

BUFFALO - Hits : 23 - Faceoff Wins : 53 - Blocked Shots : 5 - Penalty Minutes : 6
WINNIPEG - Hits : 27 - Faceoff Wins : 40 - Blocked Shots : 8 - Penalty Minutes : 6

Official

Referees : Adam Buckingham and Beaudry Halkidis
Linesman : Knarf Emot and Derek Wahl

Game Notes

No Game Note

Finance

Level 1 -- Attendance: 5625 (93.75%) -- Ticket Income $483,750
Level 2 -- Attendance: 4768 (95.36%) -- Ticket Income $243,168
Level 3 -- Attendance: 2000 (100.00%) -- Ticket Income $2,000
Level 4 -- Attendance: 3805 (95.13%) -- Ticket Income $60,880
Luxury Box -- Attendance: 967 (96.70%) -- Ticket Income $168,258
Game was played at the MTS Centre.
Total Attendance: 17165 (95.36%)
Total Ticket Income: $958,056
Total Income: $958,056

BUFFALO

5 vs 5 Forward 
   Center                   Left Wing                Right Wing               Time % Phy DF OF 
 1 Matt Duchene             Alex Killorn             Brad Marchand            35     1   0  4  
 2 Eric Staal               James van Riemsdyk       Phil Kessel              30     1   0  4  
 3 Jordan Staal             Carl Hagelin             Charlie Coyle            25     1   1  3  
 4 Noel Acciari             Frank Vatrano            Ondrej Kase              10     2   2  1  

5 vs 5 Defense 
   Defense                  Defense                                           Time % Phy DF OF 
 1 Roman Josi               Drew Doughty                                      35     1   1  3  
 2 Noah Hanifin             Shea Theodore                                     30     1   1  3  
 3 Marco Scandella          Matt Grzelcyk                                     25     1   1  3  
 4 Roman Josi               Drew Doughty                                      10     1   1  3  

PowerPlay Forward 
   Center                   Left Wing                Right Wing               Time % Phy DF OF 
 1 Matt Duchene             Brad Marchand            Phil Kessel              60     0   0  5  
 2 Eric Staal               James van Riemsdyk       Charlie Coyle            40     0   0  5  

PowerPlay Defense
   Defense                  Defense                                           Time % Phy DF OF 
 1 Roman Josi               Drew Doughty                                      60     1   0  4  
 2 Noah Hanifin             Shea Theodore                                     40     1   0  4  

Penalty Kill 4 Players Forward 
   Center                   Wing                     Time % Phy DF OF 
 1 Jordan Staal             Brad Marchand            60     2   2  1  
 2 Noel Acciari             Carl Hagelin             40     1   3  1  

Penalty Kill 4 Players Defense
   Defense                  Defense                  Time % Phy DF OF 
 1 Roman Josi               Drew Doughty             60     1   2  2  
 2 Noah Hanifin             Shea Theodore            40     1   2  2  

Penalty Kill - 3 Players Forward 
   Forward                                           Time % Phy DF OF 
 1 Jordan Staal                                      60     1   4  0  
 2 Noel Acciari                                      40     1   4  0  

Penalty Kill - 3 Players Defense
   Defense                  Defense                  Time % Phy DF OF 
 1 Roman Josi               Drew Doughty             60     1   2  2  
 2 Noah Hanifin             Shea Theodore            40     1   2  2  

4 vs 4 Forward 
   Center                   Wing                     Time % Phy DF OF 
 1 Eric Staal               Brad Marchand            60     1   1  3  
 2 Jordan Staal             Alex Killorn             40     1   1  3  

4 vs 4 Defense
   Defense                  Defense                  Time % Phy DF OF 
 1 Roman Josi               Drew Doughty             60     1   2  2  
 2 Noah Hanifin             Shea Theodore            40     1   2  2  

Last Minutes Offensive
   Center                   Left Wing                Right Wing               Defense                  Defense                  
   Matt Duchene             James van Riemsdyk       Brad Marchand            Roman Josi               Drew Doughty             

Last Minutes Defensive
   Center                   Left Wing                Right Wing               Defense                  Defense                  
   Jordan Staal             Brad Marchand            Charlie Coyle            Roman Josi               Drew Doughty             

Goaltenders
Starting : Tuukka Rask              
Backup : Alex Stalock             

Extra Forwards
Normal : Jordan Staal, James van Riemsdyk, Carl Hagelin - PP : Jordan Staal, James van Riemsdyk - PK : Carl Hagelin
Extra Defensemen
Normal : Marco Scandella, Matt Grzelcyk, Noah Hanifin - PP : Marco Scandella - PK : Matt Grzelcyk, Noah Hanifin
Penalty Shots
Matt Duchene, Charlie Coyle, Ondrej Kase, Brad Marchand, James van Riemsdyk

Scratches
None

WINNIPEG

5 vs 5 Forward 
   Center                   Left Wing                Right Wing               Time % Phy DF OF 
 1 Jay Beagle               Patrick Kane             Tyler Toffoli            41     1   2  2  
 2 Sidney Crosby            Alex Ovechkin            J.T. Miller              40     1   2  2  
 3 Nic Dowd                 Antoine Roussel          Tyler Motte              15     1   3  1  
 4 Zack MacEwen             Loui Eriksson            Alex Ovechkin            4      1   2  2  

5 vs 5 Defense 
   Defense                  Defense                                           Time % Phy DF OF 
 1 Alexander Edler          Olli Maatta                                       35     1   2  2  
 2 Chris Tanev              Marcus Pettersson                                 33     1   2  2  
 3 Oscar Fantenberg         Justin Braun                                      22     1   2  2  
 4 Alexander Edler          Chris Tanev                                       10     1   2  2  

PowerPlay Forward 
   Center                   Left Wing                Right Wing               Time % Phy DF OF 
 1 Jay Beagle               Alex Ovechkin            Patrick Kane             60     0   2  3  
 2 Sidney Crosby            Tyler Toffoli            J.T. Miller              40     0   2  3  

PowerPlay Defense
   Defense                  Defense                                           Time % Phy DF OF 
 1 Alexander Edler          Justin Braun                                      60     0   2  3  
 2 Chris Tanev              Marcus Pettersson                                 40     1   2  2  

Penalty Kill 4 Players Forward 
   Center                   Wing                     Time % Phy DF OF 
 1 Jay Beagle               Tyler Motte              60     0   3  2  
 2 J.T. Miller              Tyler Toffoli            40     0   3  2  

Penalty Kill 4 Players Defense
   Defense                  Defense                  Time % Phy DF OF 
 1 Alexander Edler          Justin Braun             60     1   4  0  
 2 Chris Tanev              Marcus Pettersson        40     1   4  0  

Penalty Kill - 3 Players Forward 
   Forward                                           Time % Phy DF OF 
 1 Jay Beagle                                        60     1   2  2  
 2 Tyler Motte                                       40     1   2  2  

Penalty Kill - 3 Players Defense
   Defense                  Defense                  Time % Phy DF OF 
 1 Alexander Edler          Olli Maatta              60     1   4  0  
 2 Chris Tanev              Marcus Pettersson        40     1   4  0  

4 vs 4 Forward 
   Center                   Wing                     Time % Phy DF OF 
 1 J.T. Miller              Patrick Kane             60     1   2  2  
 2 Sidney Crosby            Alex Ovechkin            40     1   2  2  

4 vs 4 Defense
   Defense                  Defense                  Time % Phy DF OF 
 1 Alexander Edler          Justin Braun             60     1   2  2  
 2 Chris Tanev              Marcus Pettersson        40     1   2  2  

Last Minutes Offensive
   Center                   Left Wing                Right Wing               Defense                  Defense                  
   Sidney Crosby            Alex Ovechkin            J.T. Miller              Patrick Kane             Tyler Toffoli            

Last Minutes Defensive
   Center                   Left Wing                Right Wing               Defense                  Defense                  
   Jay Beagle               Tyler Motte              Nic Dowd                 Alexander Edler          Chris Tanev              

Goaltenders
Starting : Connor Hellebuyck        
Backup : Louis Domingue           

Extra Forwards
Normal : Drew O'Connor, Loui Eriksson, Antoine Roussel - PP : Antoine Roussel, Loui Eriksson - PK : Antoine Roussel
Extra Defensemen
Normal : Oscar Fantenberg, Dan Hamhuis, Chris Tanev - PP : Oscar Fantenberg - PK : Dan Hamhuis, Chris Tanev
Penalty Shots
Alex Ovechkin, Patrick Kane, Sidney Crosby, J.T. Miller, Tyler Toffoli

Scratches
None


% Time on Ice - BUFFALO

Lines # - Real PCT - Wanted PCT - Time Play
Normal Forward
1 - 32% - 35% - 16:07
2 - 30% - 30% - 15:01
3 - 24% - 25% - 11:56
4 - 15% - 10% - 7:23
Normal Defense
1 - 36% - 35% - 18:19
2 - 32% - 30% - 16:05
3 - 25% - 25% - 12:47
4 - 6% - 10% - 3:16
PP Forward
1 - 59% - 60% - 3:09
2 - 41% - 40% - 2:13
PP Defense
1 - 56% - 60% - 2:59
2 - 44% - 40% - 2:23
PK Forward
1 - 75% - 60% - 3:07
2 - 25% - 40% - 1:01
PK Defense
1 - 51% - 60% - 2:06
2 - 49% - 40% - 2:02
PK3 Forward
1 - 0% - 60%
2 - 0% - 40%
PK3 Defense
1 - 0% - 60%
2 - 0% - 40%
44 Forward
1 - 0% - 60%
2 - 0% - 40%
44 Defense
1 - 0% - 60%
2 - 0% - 40%
Last Minute Offensive  - 0:00
Last Minute Defensive  - 0:03
Total
Forward - 60:00
Defense - 60:00

% Time on Ice - WINNIPEG

Lines # - Real PCT - Wanted PCT - Time Play
Normal Forward
1 - 34% - 41% - 17:10
2 - 32% - 40% - 15:53
3 - 23% - 15% - 11:27
4 - 11% - 4% - 5:18
Normal Defense
1 - 36% - 35% - 17:46
2 - 33% - 33% - 16:12
3 - 27% - 22% - 13:26
4 - 5% - 10% - 2:24
PP Forward
1 - 51% - 60% - 2:07
2 - 49% - 40% - 2:01
PP Defense
1 - 45% - 60% - 1:52
2 - 55% - 40% - 2:16
PK Forward
1 - 91% - 60% - 4:54
2 - 9% - 40% - 0:28
PK Defense
1 - 47% - 60% - 2:31
2 - 53% - 40% - 2:51
PK3 Forward
1 - 0% - 60%
2 - 0% - 40%
PK3 Defense
1 - 0% - 60%
2 - 0% - 40%
44 Forward
1 - 0% - 60%
2 - 0% - 40%
44 Defense
1 - 0% - 60%
2 - 0% - 40%
Last Minute Offensive  - 0:42
Last Minute Defensive  - 0:00
Total
Forward - 60:00
Defense - 60:00

Play-by-Play

1st period


0:01 of 1st period - Jay Beagle wins face-off versus Matt Duchene in neutral zone.
0:01 of 1st period - Jay Beagle is hit by Brad Marchand.
0:10 of 1st period - Tyler Toffoli is hit by Roman Josi and loses puck.
0:14 of 1st period - Icing by Drew Doughty.
0:15 of 1st period - Sidney Crosby wins face-off versus Matt Duchene in BUFFALO zone.
0:32 of 1st period - Chris Tanev is hit by Matt Duchene and loses puck.
0:46 of 1st period - Shot by Alex Killorn.
0:46 of 1st period - Shot Misses the Net.
1:19 of 1st period - Off-side.
1:20 of 1st period - Nic Dowd wins face-off versus Carl Hagelin in neutral zone.
1:40 of 1st period - Shot by Tyler Motte.
1:40 of 1st period - Shot Misses the Net.
1:47 of 1st period - Off-side.
1:48 of 1st period - Eric Staal wins face-off versus Jay Beagle in neutral zone.
1:53 of 1st period - Icing by Oscar Fantenberg.
1:54 of 1st period - Eric Staal wins face-off versus Jay Beagle in WINNIPEG zone.
2:18 of 1st period - James van Riemsdyk is hit by Oscar Fantenberg and loses puck.
2:34 of 1st period - Phil Kessel is hit by Justin Braun and loses puck.
3:11 of 1st period - Shot by Chris Tanev.
3:11 of 1st period - Stopped by Tuukka Rask without a rebound.
3:12 of 1st period - Nic Dowd wins face-off versus Carl Hagelin in BUFFALO zone.
4:31 of 1st period - Shot by Alex Ovechkin.
4:31 of 1st period - Stopped by Tuukka Rask without a rebound.
4:32 of 1st period - Phil Kessel wins face-off versus Jay Beagle in BUFFALO zone.
4:43 of 1st period - Icing by Patrick Kane.
4:44 of 1st period - Jay Beagle wins face-off versus Alex Killorn in WINNIPEG zone.
5:07 of 1st period - Shot by Matt Duchene.
5:07 of 1st period - Stopped by Connor Hellebuyck without a rebound.
5:08 of 1st period - Sidney Crosby wins face-off versus Eric Staal in WINNIPEG zone.
5:08 of 1st period - Sidney Crosby is hit by James van Riemsdyk.
5:23 of 1st period - Shot by J.T. Miller.
5:23 of 1st period - Shot Hit the Post.
5:25 of 1st period - Shot by Chris Tanev.
5:25 of 1st period - Shot Hit the Post.
5:27 of 1st period - Shot by Alex Ovechkin.
5:27 of 1st period - Stopped by Tuukka Rask without a rebound.
5:28 of 1st period - Matt Duchene wins face-off versus Nic Dowd in BUFFALO zone.
6:29 of 1st period - Shot by Sidney Crosby.
6:29 of 1st period - Shot Blocked by Roman Josi.
6:31 of 1st period - Shot by Sidney Crosby.
6:31 of 1st period - Stopped by Tuukka Rask without a rebound.
6:32 of 1st period - Tyler Toffoli wins face-off versus Eric Staal in BUFFALO zone.
6:59 of 1st period - Shot by Tyler Toffoli.
6:59 of 1st period - Deflect By Patrick Kane.
6:59 of 1st period - Stopped by Tuukka Rask without a rebound.
7:00 of 1st period - Sidney Crosby wins face-off versus Noel Acciari in BUFFALO zone.
7:15 of 1st period - Shot by Frank Vatrano.
7:15 of 1st period - Shot Hit the Post.
7:27 of 1st period - Shot by Ondrej Kase.
7:27 of 1st period - Stopped by Connor Hellebuyck with a rebound.
8:34 of 1st period - Olli Maatta is hit by Shea Theodore and loses puck.
9:10 of 1st period - Shea Theodore is hit by Oscar Fantenberg and loses puck.
9:34 of 1st period - Marcus Pettersson is hit by Jordan Staal and loses puck.
9:43 of 1st period - Carl Hagelin is hit by Alex Ovechkin and loses puck.
9:56 of 1st period - Shot by Alex Ovechkin.
9:56 of 1st period - Goal by Alex Ovechkin - BUFFALO : 0 - WINNIPEG : 1.
9:57 of 1st period - Matt Duchene wins face-off versus Sidney Crosby in neutral zone.
10:05 of 1st period - Sidney Crosby is hit by Noah Hanifin and loses puck.
10:24 of 1st period - Shot by J.T. Miller.
10:24 of 1st period - Stopped by Tuukka Rask without a rebound.
10:25 of 1st period - Jay Beagle wins face-off versus Eric Staal in BUFFALO zone.
10:29 of 1st period - Tyler Toffoli is hit by Drew Doughty and loses puck.
10:33 of 1st period - Icing by Drew Doughty.
10:34 of 1st period - Eric Staal wins face-off versus Jay Beagle in BUFFALO zone.
10:45 of 1st period - Patrick Kane is hit by Eric Staal and loses puck.
10:53 of 1st period - Shot by Eric Staal.
10:53 of 1st period - Shot Misses the Net.
10:55 of 1st period - Shot by Eric Staal.
10:55 of 1st period - Shot Misses the Net.
11:09 of 1st period - Shot by Phil Kessel.
11:09 of 1st period - Stopped by Connor Hellebuyck without a rebound.
11:10 of 1st period - Sidney Crosby wins face-off versus Matt Duchene in WINNIPEG zone.
11:10 of 1st period - Sidney Crosby is hit by Brad Marchand.
11:13 of 1st period - Icing by Alexander Edler.
11:14 of 1st period - Sidney Crosby wins face-off versus Matt Duchene in WINNIPEG zone.
11:14 of 1st period - Sidney Crosby is hit by Brad Marchand.
11:22 of 1st period - Shot by Alex Killorn.
11:22 of 1st period - Goal by Alex Killorn - BUFFALO : 1 - WINNIPEG : 1.
11:23 of 1st period - Sidney Crosby wins face-off versus Jordan Staal in neutral zone.
11:26 of 1st period - Shot by Alex Ovechkin.
11:26 of 1st period - Shot Misses the Net.
11:36 of 1st period - Shot by Charlie Coyle.
11:36 of 1st period - Goal by Charlie Coyle - BUFFALO : 2 - WINNIPEG : 1.
11:37 of 1st period - Jay Beagle wins face-off versus Matt Duchene in neutral zone.
13:41 of 1st period - Shot by Antoine Roussel.
13:41 of 1st period - Stopped by Tuukka Rask without a rebound.
13:42 of 1st period - Jordan Staal wins face-off versus Jay Beagle in BUFFALO zone.
13:42 of 1st period - Jordan Staal is hit by Jay Beagle.
13:54 of 1st period - Shot by Carl Hagelin.
13:54 of 1st period - Shot Misses the Net.
14:52 of 1st period - Shot by Phil Kessel.
14:52 of 1st period - Shot Misses the Net.
15:17 of 1st period - Shot by J.T. Miller.
15:17 of 1st period - Shot Blocked by Matt Grzelcyk.
16:01 of 1st period - Shot by Ondrej Kase.
16:01 of 1st period - Stopped by Connor Hellebuyck without a rebound.
16:02 of 1st period - Zack MacEwen wins face-off versus Jordan Staal in WINNIPEG zone.
17:18 of 1st period - Shot by Nic Dowd.
17:18 of 1st period - Stopped by Tuukka Rask with a rebound.
17:30 of 1st period - Shot by Phil Kessel.
17:30 of 1st period - Shot Blocked by Oscar Fantenberg.
17:34 of 1st period - Shot by Phil Kessel.
17:34 of 1st period - Deflect By Eric Staal.
17:34 of 1st period - Stopped by Connor Hellebuyck with a rebound.
17:38 of 1st period - Shot by Phil Kessel.
17:38 of 1st period - Shot Misses the Net.
18:07 of 1st period - Icing by Roman Josi.
18:08 of 1st period - Matt Duchene wins face-off versus Jay Beagle in BUFFALO zone.
18:08 of 1st period - Minor Penalty to Jay Beagle for Hooking.
18:09 of 1st period - Phil Kessel wins face-off versus Sidney Crosby in WINNIPEG zone.
18:19 of 1st period - Shot by Shea Theodore.
18:19 of 1st period - Shot Blocked by Chris Tanev.
18:21 of 1st period - Shot by Matt Duchene.
18:21 of 1st period - Shot Misses the Net.
18:23 of 1st period - Shot by Shea Theodore.
18:23 of 1st period - Shot Misses the Net.
18:25 of 1st period - Shot by Noah Hanifin.
18:25 of 1st period - Stopped by Connor Hellebuyck without a rebound.
18:26 of 1st period - Eric Staal wins face-off versus Sidney Crosby in WINNIPEG zone.
18:27 of 1st period - Shot by Drew Doughty.
18:27 of 1st period - Shot Misses the Net.
19:09 of 1st period - Phil Kessel is hit by Drew O'Connor and loses puck.
Goals for this period are 2 for BUFFALO vs 1 for WINNIPEG.
Shots for this period are 8 for BUFFALO vs 9 for WINNIPEG.

2nd period


0:01 of 2nd period - Matt Duchene wins face-off versus Antoine Roussel in neutral zone.
0:10 of 2nd period - Shot by Phil Kessel.
0:10 of 2nd period - Stopped by Connor Hellebuyck with a rebound.
0:30 of 2nd period - Shot by Jordan Staal.
0:30 of 2nd period - Stopped by Connor Hellebuyck with a rebound.
0:32 of 2nd period - Shot by Marco Scandella.
0:32 of 2nd period - Shot Misses the Net.
0:34 of 2nd period - Shot by Charlie Coyle.
0:34 of 2nd period - Shot Blocked by Marcus Pettersson.
0:36 of 2nd period - Shot by Jordan Staal.
0:36 of 2nd period - Stopped by Connor Hellebuyck without a rebound.
0:37 of 2nd period - Alex Killorn wins face-off versus Jay Beagle in WINNIPEG zone.
0:37 of 2nd period - Alex Killorn is hit by Alexander Edler.
0:52 of 2nd period - Icing by Alexander Edler.
0:53 of 2nd period - Eric Staal wins face-off versus Tyler Toffoli in WINNIPEG zone.
1:26 of 2nd period - Shea Theodore is hit by Alexander Edler and loses puck.
1:31 of 2nd period - Shot by Phil Kessel.
1:31 of 2nd period - Goal by Phil Kessel - BUFFALO : 3 - WINNIPEG : 1.
1:32 of 2nd period - Sidney Crosby wins face-off versus Matt Duchene in neutral zone.
2:40 of 2nd period - Shot by Carl Hagelin.
2:40 of 2nd period - Stopped by Connor Hellebuyck without a rebound.
2:41 of 2nd period - Eric Staal wins face-off versus Nic Dowd in WINNIPEG zone.
3:35 of 2nd period - Shot by Tyler Toffoli.
3:35 of 2nd period - Goal by Tyler Toffoli - BUFFALO : 3 - WINNIPEG : 2.
3:36 of 2nd period - Jay Beagle wins face-off versus Matt Duchene in neutral zone.
3:52 of 2nd period - Drew Doughty is hit by Tyler Toffoli.
4:04 of 2nd period - Shot by Patrick Kane.
4:04 of 2nd period - Stopped by Tuukka Rask without a rebound.
4:05 of 2nd period - Jordan Staal wins face-off versus Zack MacEwen in BUFFALO zone.
4:07 of 2nd period - Carl Hagelin is hit by Zack MacEwen and loses puck.
4:23 of 2nd period - Minor Penalty to Marco Scandella for Boarding.
4:24 of 2nd period - Sidney Crosby wins face-off versus Brad Marchand in BUFFALO zone.
4:31 of 2nd period - Shot by Tyler Toffoli.
4:31 of 2nd period - Deflect By Sidney Crosby.
4:31 of 2nd period - Shot Misses the Net.
4:33 of 2nd period - Shot by Justin Braun.
4:33 of 2nd period - Goal by Justin Braun - BUFFALO : 3 - WINNIPEG : 3.
4:34 of 2nd period - Sidney Crosby wins face-off versus Eric Staal in neutral zone.
5:36 of 2nd period - Icing by Olli Maatta.
5:37 of 2nd period - Matt Duchene wins face-off versus Jay Beagle in WINNIPEG zone.
5:50 of 2nd period - Shot by Patrick Kane.
5:50 of 2nd period - Shot Misses the Net.
6:01 of 2nd period - Icing by Marco Scandella.
6:02 of 2nd period - Nic Dowd wins face-off versus Matt Duchene in BUFFALO zone.
6:11 of 2nd period - Shot by Nic Dowd.
6:11 of 2nd period - Stopped by Tuukka Rask without a rebound.
6:12 of 2nd period - Jordan Staal wins face-off versus Zack MacEwen in BUFFALO zone.
6:12 of 2nd period - Jordan Staal is hit by Zack MacEwen.
6:32 of 2nd period - Shot by Alex Ovechkin.
6:32 of 2nd period - Shot Hit the Post.
7:19 of 2nd period - Drew Doughty is hit by Tyler Toffoli.
7:24 of 2nd period - Icing by Drew Doughty.
7:25 of 2nd period - Matt Duchene wins face-off versus Nic Dowd in BUFFALO zone.
7:43 of 2nd period - Shot by Tyler Motte.
7:43 of 2nd period - Shot Misses the Net.
7:51 of 2nd period - Shot by Nic Dowd.
7:51 of 2nd period - Shot Misses the Net.
7:53 of 2nd period - Shot by Tyler Motte.
7:53 of 2nd period - Shot Blocked by Roman Josi.
8:08 of 2nd period - Icing by Roman Josi.
8:09 of 2nd period - Matt Duchene wins face-off versus Jay Beagle in BUFFALO zone.
8:26 of 2nd period - Tyler Toffoli is hit by Eric Staal and loses puck.
8:41 of 2nd period - Shot by Eric Staal.
8:41 of 2nd period - Stopped by Connor Hellebuyck with a rebound.
8:43 of 2nd period - Shot by Eric Staal.
8:43 of 2nd period - Stopped by Connor Hellebuyck without a rebound.
8:44 of 2nd period - Noel Acciari wins face-off versus Sidney Crosby in WINNIPEG zone.
8:44 of 2nd period - Noel Acciari is hit by Oscar Fantenberg.
8:52 of 2nd period - Shot by Ondrej Kase.
8:52 of 2nd period - Shot Misses the Net.
8:57 of 2nd period - Ondrej Kase is hit by Oscar Fantenberg and loses puck.
9:04 of 2nd period - Shot by Frank Vatrano.
9:04 of 2nd period - Shot Misses the Net.
9:06 of 2nd period - Shot by Noel Acciari.
9:06 of 2nd period - Stopped by Connor Hellebuyck without a rebound.
9:07 of 2nd period - Antoine Roussel wins face-off versus Carl Hagelin in WINNIPEG zone.
9:07 of 2nd period - Antoine Roussel is hit by Jordan Staal.
9:28 of 2nd period - Nic Dowd is hit by Drew Doughty and loses puck.
9:42 of 2nd period - Antoine Roussel is hit by Jordan Staal.
10:00 of 2nd period - Shot by Alex Ovechkin.
10:00 of 2nd period - Shot Misses the Net.
10:01 of 2nd period - Minor Penalty to Roman Josi for Tripping.
10:02 of 2nd period - Eric Staal wins face-off versus Jay Beagle in BUFFALO zone.
10:02 of 2nd period - Eric Staal is hit by Alex Ovechkin.
11:37 of 2nd period - Shot by Alexander Edler.
11:37 of 2nd period - Stopped by Tuukka Rask without a rebound.
11:38 of 2nd period - Sidney Crosby wins face-off versus Jordan Staal in BUFFALO zone.
11:47 of 2nd period - Shot by J.T. Miller.
11:47 of 2nd period - Shot Misses the Net.
12:14 of 2nd period - Alexander Edler is hit by Noel Acciari and loses puck.
12:18 of 2nd period - Icing by Olli Maatta.
12:19 of 2nd period - Eric Staal wins face-off versus Antoine Roussel in WINNIPEG zone.
12:22 of 2nd period - Shot by Eric Staal.
12:22 of 2nd period - Deflect By Phil Kessel.
12:22 of 2nd period - Shot Blocked by Alexander Edler.
12:30 of 2nd period - Shot by Tyler Motte.
12:30 of 2nd period - Stopped by Tuukka Rask without a rebound.
12:31 of 2nd period - Noel Acciari wins face-off versus Zack MacEwen in BUFFALO zone.
12:42 of 2nd period - Shot by Frank Vatrano.
12:42 of 2nd period - Shot Misses the Net.
12:49 of 2nd period - Icing by Oscar Fantenberg.
12:50 of 2nd period - Jordan Staal wins face-off versus Zack MacEwen in WINNIPEG zone.
13:03 of 2nd period - Shot by Carl Hagelin.
13:03 of 2nd period - Stopped by Connor Hellebuyck with a rebound.
14:13 of 2nd period - Shot by Tyler Toffoli.
14:13 of 2nd period - Stopped by Tuukka Rask without a rebound.
14:14 of 2nd period - Eric Staal wins face-off versus Nic Dowd in BUFFALO zone.
14:35 of 2nd period - Icing by Drew Doughty.
14:36 of 2nd period - Eric Staal wins face-off versus Tyler Toffoli in BUFFALO zone.
14:36 of 2nd period - Roman Josi is hit by Tyler Toffoli.
15:11 of 2nd period - Shot by Patrick Kane.
15:11 of 2nd period - Stopped by Tuukka Rask without a rebound.
15:12 of 2nd period - Matt Duchene wins face-off versus Sidney Crosby in BUFFALO zone.
16:23 of 2nd period - Shot by Charlie Coyle.
16:23 of 2nd period - Deflect By Jordan Staal.
16:23 of 2nd period - Stopped by Connor Hellebuyck without a rebound.
16:24 of 2nd period - Noel Acciari wins face-off versus Tyler Toffoli in WINNIPEG zone.
16:37 of 2nd period - Shot by Patrick Kane.
16:37 of 2nd period - Stopped by Tuukka Rask with a rebound.
16:50 of 2nd period - Shot by Patrick Kane.
16:50 of 2nd period - Shot Misses the Net.
16:52 of 2nd period - Shot by Patrick Kane.
16:52 of 2nd period - Deflect By Jay Beagle.
16:52 of 2nd period - Shot Misses the Net.
17:00 of 2nd period - Shot by Tyler Toffoli.
17:00 of 2nd period - Stopped by Tuukka Rask without a rebound.
17:01 of 2nd period - Eric Staal wins face-off versus Sidney Crosby in BUFFALO zone.
17:03 of 2nd period - Icing by James van Riemsdyk.
17:04 of 2nd period - Eric Staal wins face-off versus Sidney Crosby in BUFFALO zone.
17:26 of 2nd period - Shot by Sidney Crosby.
17:26 of 2nd period - Shot Blocked by Shea Theodore.
17:28 of 2nd period - Shot by Sidney Crosby.
17:28 of 2nd period - Shot Misses the Net.
17:34 of 2nd period - Shot by Alex Ovechkin.
17:34 of 2nd period - Stopped by Tuukka Rask without a rebound.
17:35 of 2nd period - Matt Duchene wins face-off versus Jay Beagle in BUFFALO zone.
17:55 of 2nd period - Icing by Chris Tanev.
17:56 of 2nd period - Jordan Staal wins face-off versus Jay Beagle in WINNIPEG zone.
18:19 of 2nd period - Shot by Jordan Staal.
18:19 of 2nd period - Stopped by Connor Hellebuyck with a rebound.
19:07 of 2nd period - Shot by Brad Marchand.
19:07 of 2nd period - Shot Hit the Post.
19:45 of 2nd period - Shot by Eric Staal.
19:45 of 2nd period - Stopped by Connor Hellebuyck without a rebound.
19:46 of 2nd period - Noel Acciari wins face-off versus Antoine Roussel in WINNIPEG zone.
19:47 of 2nd period - Shot by Ondrej Kase.
19:47 of 2nd period - Stopped by Connor Hellebuyck without a rebound.
19:48 of 2nd period - Tyler Toffoli wins face-off versus Jordan Staal in WINNIPEG zone.
Goals for this period are 1 for BUFFALO vs 2 for WINNIPEG.
Shots for this period are 13 for BUFFALO vs 11 for WINNIPEG.

3rd period


0:01 of 3rd period - Sidney Crosby wins face-off versus Matt Duchene in neutral zone.
0:20 of 3rd period - Roman Josi is hit by Alex Ovechkin and loses puck.
0:35 of 3rd period - Shot by Matt Duchene.
0:35 of 3rd period - Shot Hit the Post.
0:58 of 3rd period - Shot by Tyler Toffoli.
0:58 of 3rd period - Stopped by Tuukka Rask without a rebound.
0:59 of 3rd period - Eric Staal wins face-off versus Jay Beagle in BUFFALO zone.
0:59 of 3rd period - Eric Staal is hit by Tyler Toffoli.
1:35 of 3rd period - Shot by Phil Kessel.
1:35 of 3rd period - Deflect By Eric Staal.
1:35 of 3rd period - Stopped by Connor Hellebuyck without a rebound.
1:36 of 3rd period - Jordan Staal wins face-off versus Nic Dowd in WINNIPEG zone.
2:00 of 3rd period - Shot by Antoine Roussel.
2:00 of 3rd period - Stopped by Tuukka Rask without a rebound.
2:01 of 3rd period - Sidney Crosby wins face-off versus Noel Acciari in BUFFALO zone.
4:23 of 3rd period - Icing by Brad Marchand.
4:24 of 3rd period - Matt Duchene wins face-off versus Nic Dowd in BUFFALO zone.
4:56 of 3rd period - Roman Josi is hit by Justin Braun and loses puck.
5:00 of 3rd period - Icing by Oscar Fantenberg.
5:01 of 3rd period - Jordan Staal wins face-off versus Tyler Motte in WINNIPEG zone.
5:04 of 3rd period - Shot by Jordan Staal.
5:04 of 3rd period - Shot Misses the Net.
5:22 of 3rd period - Shot by Olli Maatta.
5:22 of 3rd period - Stopped by Tuukka Rask without a rebound.
5:23 of 3rd period - Jay Beagle wins face-off versus Noel Acciari in BUFFALO zone.
5:23 of 3rd period - Jay Beagle is hit by Roman Josi.
5:33 of 3rd period - Shot by Patrick Kane.
5:33 of 3rd period - Stopped by Tuukka Rask without a rebound.
5:34 of 3rd period - Eric Staal wins face-off versus Zack MacEwen in BUFFALO zone.
5:34 of 3rd period - Eric Staal is hit by Alex Ovechkin.
5:43 of 3rd period - Off-side.
5:44 of 3rd period - Jay Beagle wins face-off versus Jordan Staal in neutral zone.
5:54 of 3rd period - Jordan Staal is hit by Olli Maatta and loses puck.
6:23 of 3rd period - Shot by Jordan Staal.
6:23 of 3rd period - Stopped by Connor Hellebuyck without a rebound.
6:24 of 3rd period - Sidney Crosby wins face-off versus Eric Staal in WINNIPEG zone.
6:24 of 3rd period - Sidney Crosby is hit by Eric Staal.
6:36 of 3rd period - Shot by Sidney Crosby.
6:36 of 3rd period - Shot Misses the Net.
6:56 of 3rd period - Shot by Phil Kessel.
6:56 of 3rd period - Stopped by Connor Hellebuyck without a rebound.
6:57 of 3rd period - Nic Dowd wins face-off versus Matt Duchene in WINNIPEG zone.
7:44 of 3rd period - Shot by Patrick Kane.
7:44 of 3rd period - Shot Blocked by Noah Hanifin.
7:46 of 3rd period - Shot by Olli Maatta.
7:46 of 3rd period - Shot Misses the Net.
7:48 of 3rd period - Shot by Alexander Edler.
7:48 of 3rd period - Shot Misses the Net.
8:01 of 3rd period - Icing by Alexander Edler.
8:02 of 3rd period - Eric Staal wins face-off versus Tyler Toffoli in WINNIPEG zone.
8:07 of 3rd period - Shot by James van Riemsdyk.
8:07 of 3rd period - Shot Blocked by Olli Maatta.
8:16 of 3rd period - Off-side.
8:17 of 3rd period - Alex Ovechkin wins face-off versus Jordan Staal in neutral zone.
8:43 of 3rd period - Shot by J.T. Miller.
8:43 of 3rd period - Stopped by Tuukka Rask without a rebound.
8:44 of 3rd period - Nic Dowd wins face-off versus James van Riemsdyk in BUFFALO zone.
8:51 of 3rd period - Shot by Olli Maatta.
8:51 of 3rd period - Stopped by Tuukka Rask with a rebound.
8:53 of 3rd period - Shot by Alexander Edler.
8:53 of 3rd period - Stopped by Tuukka Rask without a rebound.
8:54 of 3rd period - Noel Acciari wins face-off versus Jay Beagle in BUFFALO zone.
9:10 of 3rd period - Off-side.
9:11 of 3rd period - Eric Staal wins face-off versus J.T. Miller in neutral zone.
9:28 of 3rd period - Shot by Eric Staal.
9:28 of 3rd period - Shot Blocked by Chris Tanev.
9:35 of 3rd period - Minor Penalty to Matt Grzelcyk for Tripping.
9:36 of 3rd period - Jordan Staal wins face-off versus Jay Beagle in BUFFALO zone.
9:47 of 3rd period - Shot by Alexander Edler.
9:47 of 3rd period - Shot Misses the Net.
9:59 of 3rd period - Shot by Alex Ovechkin.
9:59 of 3rd period - Stopped by Tuukka Rask with a rebound.
10:01 of 3rd period - Shot by Alexander Edler.
10:01 of 3rd period - Stopped by Tuukka Rask without a rebound.
10:02 of 3rd period - Sidney Crosby wins face-off versus Jordan Staal in BUFFALO zone.
10:08 of 3rd period - Off-side.
10:09 of 3rd period - Jordan Staal wins face-off versus Sidney Crosby in neutral zone.
10:19 of 3rd period - Off-side.
10:20 of 3rd period - Jay Beagle wins face-off versus Jordan Staal in neutral zone.
10:43 of 3rd period - Shot by Alexander Edler.
10:43 of 3rd period - Stopped by Tuukka Rask without a rebound.
10:44 of 3rd period - Noel Acciari wins face-off versus Sidney Crosby in BUFFALO zone.
10:44 of 3rd period - Noel Acciari is hit by J.T. Miller.
11:58 of 3rd period - Minor Penalty to Tyler Motte for Unsportsmanlike conduct.
11:59 of 3rd period - Jay Beagle wins face-off versus Matt Duchene in WINNIPEG zone.
12:19 of 3rd period - Shot by Roman Josi.
12:19 of 3rd period - Deflect By Brad Marchand.
12:19 of 3rd period - Shot Blocked by Alexander Edler.
12:21 of 3rd period - Shot by Roman Josi.
12:21 of 3rd period - Stopped by Connor Hellebuyck without a rebound.
12:22 of 3rd period - Jay Beagle wins face-off versus Eric Staal in WINNIPEG zone.
12:28 of 3rd period - Icing by Noah Hanifin.
12:29 of 3rd period - Jay Beagle wins face-off versus Eric Staal in BUFFALO zone.
12:32 of 3rd period - Shot by Antoine Roussel.
12:32 of 3rd period - Stopped by Tuukka Rask without a rebound.
12:33 of 3rd period - Eric Staal wins face-off versus Jay Beagle in BUFFALO zone.
13:08 of 3rd period - Shot by Roman Josi.
13:08 of 3rd period - Stopped by Connor Hellebuyck without a rebound.
13:09 of 3rd period - Matt Duchene wins face-off versus Sidney Crosby in WINNIPEG zone.
13:10 of 3rd period - Shot by Shea Theodore.
13:10 of 3rd period - Deflect By Phil Kessel.
13:10 of 3rd period - Stopped by Connor Hellebuyck without a rebound.
13:11 of 3rd period - Jay Beagle wins face-off versus Matt Duchene in WINNIPEG zone.
13:26 of 3rd period - Chris Tanev is hit by Brad Marchand and loses puck.
13:51 of 3rd period - Shot by Matt Duchene.
13:51 of 3rd period - Shot Misses the Net.
14:12 of 3rd period - Loui Eriksson is hit by Marco Scandella and loses puck.
14:15 of 3rd period - Shot by Zack MacEwen.
14:15 of 3rd period - Shot Misses the Net.
14:17 of 3rd period - Shot by Alex Ovechkin.
14:17 of 3rd period - Stopped by Tuukka Rask without a rebound.
14:18 of 3rd period - Nic Dowd wins face-off versus Jordan Staal in BUFFALO zone.
14:19 of 3rd period - Shot by Alexander Edler.
14:19 of 3rd period - Stopped by Tuukka Rask with a rebound.
14:26 of 3rd period - Off-side.
14:27 of 3rd period - Jay Beagle wins face-off versus Noel Acciari in neutral zone.
14:33 of 3rd period - Icing by Roman Josi.
14:34 of 3rd period - Noel Acciari wins face-off versus Jay Beagle in BUFFALO zone.
15:13 of 3rd period - Shot by Tyler Toffoli.
15:13 of 3rd period - Stopped by Tuukka Rask without a rebound.
15:14 of 3rd period - Sidney Crosby wins face-off versus Eric Staal in BUFFALO zone.
15:14 of 3rd period - Alex Ovechkin is hit by Noah Hanifin and loses puck.
15:35 of 3rd period - Marcus Pettersson is hit by Eric Staal and loses puck.
15:43 of 3rd period - Minor Penalty to Marcus Pettersson for Tripping.
15:44 of 3rd period - Matt Duchene wins face-off versus Jay Beagle in WINNIPEG zone.
15:44 of 3rd period - Roman Josi is hit by Alexander Edler.
16:30 of 3rd period - Icing by Roman Josi.
16:31 of 3rd period - Matt Duchene wins face-off versus Jay Beagle in BUFFALO zone.
16:31 of 3rd period - Matt Duchene is hit by Jay Beagle.
16:38 of 3rd period - Off-side.
16:39 of 3rd period - Eric Staal wins face-off versus J.T. Miller in neutral zone.
16:39 of 3rd period - Noah Hanifin is hit by J.T. Miller.
17:01 of 3rd period - Shot by Eric Staal.
17:01 of 3rd period - Shot Misses the Net.
17:03 of 3rd period - Shot by Noah Hanifin.
17:03 of 3rd period - Deflect By Eric Staal.
17:03 of 3rd period - Shot Blocked by Chris Tanev.
17:05 of 3rd period - Shot by Shea Theodore.
17:05 of 3rd period - Stopped by Connor Hellebuyck with a rebound.
17:07 of 3rd period - Shot by James van Riemsdyk.
17:07 of 3rd period - Goal by James van Riemsdyk - BUFFALO : 4 - WINNIPEG : 3.
17:08 of 3rd period - Noel Acciari wins face-off versus Sidney Crosby in neutral zone.
17:08 of 3rd period - Marco Scandella is hit by Alex Ovechkin and loses puck.
17:21 of 3rd period - Shot by Sidney Crosby.
17:21 of 3rd period - Stopped by Tuukka Rask without a rebound.
17:22 of 3rd period - Matt Duchene wins face-off versus Zack MacEwen in BUFFALO zone.
17:49 of 3rd period - Icing by Justin Braun.
17:50 of 3rd period - Jordan Staal wins face-off versus Zack MacEwen in WINNIPEG zone.
18:15 of 3rd period - Justin Braun is hit by Jordan Staal.
18:33 of 3rd period - Shea Theodore is hit by Marcus Pettersson and loses puck.
19:33 of 3rd period - WINNIPEG, Connor Hellebuyck is pulled from the net.
19:36 of 3rd period - Icing by Drew Doughty.
19:37 of 3rd period - Sidney Crosby wins face-off versus Eric Staal in BUFFALO zone.
19:46 of 3rd period - Shot by J.T. Miller.
19:46 of 3rd period - Shot Misses the Net.
Goals for this period are 1 for BUFFALO vs 0 for WINNIPEG.
Shots for this period are 8 for BUFFALO vs 15 for WINNIPEG.